[Event "Titled Tuesday Blitz May 31 Late 2022"]
[White "Leitao, Rafael"]
[Black "Derraugh, Geordie"]
[WhiteFideId "2101246"]
[BlackFideId "2603950"]
[WhiteElo "2609"]
[BlackElo "2116"]
[Result "1-0"]
[Round "04"]
[TimeControl "180+1"]
[Date "2022.06.01"]
[WhiteClock "0:00:16"]
[BlackClock "0:00:24"]

1. e4 c5 2. Nf3 d6 3. d4 cxd4 4. Nxd4 Nf6 5. Nc3 a6 6. Be2 e5 7. Nb3 Be7 8. Be3 Be6 9. Nd5 Nbd7 10. Qd3 Bxd5 11. exd5 O-O 12. O-O-O a5 13. a4 Nb6 14. Qb5 Nbxd5 15. Rxd5 Nxd5 16. Qxd5 Bg5 17. Kb1 Bxe3 18. fxe3 Qh4 19. Bb5 Qf2 20. Rf1 Qxe3 21. Bc4 Kh8 22. Ka2 f5 23. Qxd6 f4 24. Rd1 Rae8 25. Bb5 Rc8 26. Nxa5 h6 27. Nc4 Qe2 28. Nxe5 Qxc2 29. Ng6+ Kg8 30. Nxf8 Rxf8 31. Qd2 Qc7 32. Qd5+ Kh8 33. Bc4 Ra8 34. Bb3 Rf8 35. Qe6 f3 36. gxf3 Qxh2 37. Rd7 Qf4 38. Rxb7 Qxf3 39. Rf7 Qa8 40. Rxf8+ Qxf8 41. a5 Qa8 42. a6 h5 43. Qg8+ Qxg8 44. Bxg8 Kxg8 45. a7 1-0


[Site "https://www.chess.com"]

[Event "Titled Tuesday Blitz May 31 Late 2022"]
[White "Leschinsky, Gary"]
[Black "Rastbod, Ali"]
[WhiteFideId "30951321"]
[BlackFideId "12567477"]
[WhiteElo "1782"]
[BlackElo "2147"]
[Result "0-1"]
[Round "04"]
[TimeControl "180+1"]
[Date "2022.06.01"]
[WhiteClock "0:00:01"]
[BlackClock "0:00:06"]

1. d4 Nf6 2. c4 e6 3. Nc3 Bb4 4. f3 d5 5. a3 Be7 6. e4 dxe4 7. fxe4 c5 8. d5 exd5 9. exd5 O-O 10. Be2 Bd6 11. Nf3 Bg4 12. O-O Nbd7 13. Bg5 a6 14. h3 Bxf3 15. Rxf3 Be5 16. Qd2 Qc7 17. Rf5 Rae8 18. Rc1 Qd6 19. Bf3 g6 20. Rxe5 Nxe5 21. Qf4 Nxf3+ 22. Qxf3 Kg7 23. Rf1 Nd7 24. Qg4 f5 25. Qh4 Kg8 26. Kh1 Rf7 27. Bf4 Qf6 28. Qg3 Qd4 29. h4 Nf6 30. Bg5 Qxc4 31. Re1 Rxe1+ 32. Qxe1 Ne4 33. d6 Nxd6 34. Qe5 Ne4 35. Nd5 Qf1+ 36. Kh2 Nxg5 37. hxg5 Qf2 38. Nf6+ Rxf6 39. Qxf6 Qf4+ 40. Kg1 Qe3+ 41. Kh2 Qf4+ 42. Kh1 Qd4 43. Qe6+ Kf8 44. Qc8+ Ke7 45. Qxb7+ Ke6 46. Qxa6+ Ke5 47. Qe2+ Kf4 48. Qe7 Qd1+ 49. Kh2 Qh5+ 50. Kg1 Qd1+ 51. Kh2 Qd4 52. Qxh7 Kxg5 53. Qh3 Qxb2 54. Qg3+ Kf6 55. Qd6+ Kg5 56. Qxc5 Qb8+ 57. Kh1 Kg4 58. Qd4+ f4 59. Qd7+ Kg5 60. Qd2 Qh8+ 61. Kg1 Qa1+ 62. Kh2 Qxa3 63. Qd5+ Kf6 64. Qf3 Qxf3 65. gxf3 Ke5 66. Kh3 Kd4 67. Kh4 Ke3 68. Kg4 g5 69. Kxg5 Kxf3 0-1


[Site "https://www.chess.com"]

[Event "Titled Tuesday Blitz May 31 Late 2022"]
[White "Lomaia, Diana"]
[Black "Trost, Edvin"]
[WhiteFideId "13612476"]
[BlackFideId "1729519"]
[WhiteElo "1744"]
[BlackElo "2165"]
[Result "1/2-1/2"]
[Round "04"]
[TimeControl "180+1"]
[Date "2022.06.01"]
[WhiteClock "0:00:06"]
[BlackClock "0:00:11"]

1. d4 d5 2. c4 e6 3. Nc3 c6 4. e3 Bd6 5. Nf3 f5 6. b3 Nh6 7. Bb2 Nf7 8. Bd3 Nd7 9. O-O Qf6 10. Ne2 g5 11. cxd5 exd5 12. Rc1 g4 13. Ne1 h5 14. Nf4 Nf8 15. f3 Bxf4 16. exf4 Ne6 17. Qd2 O-O 18. Bb1 Bd7 19. fxg4 hxg4 20. g3 Kg7 21. Qe3 Rae8 22. Nd3 Ned8 23. Ne5 Nxe5 24. fxe5 Qg6 25. Ba3 Rf7 26. Rf2 Ne6 27. Rcf1 Ng5 28. Kg2 Be6 29. Bc1 Ne4 30. Bxe4 dxe4 31. Ba3 Rh8 32. Kg1 Kg8 33. d5 Bxd5 34. Qxa7 Kh7 35. Qd4 Re8 36. Bd6 Re6 37. b4 Qg7 38. Qe3 Qg6 39. a4 Bc4 40. Rc1 Bd3 41. Qf4 Re8 42. h3 gxh3 43. Rh2 Kg8 44. Rxh3 Rh7 45. Rxh7 Qxh7 46. Kg2 e3 47. Qg5+ Kh8 48. Qf6+ Kg8 49. Qg5+ Qg7 50. Qxe3 Be4+ 51. Kf2 Re6 52. Ke2 Rh6 53. Kd2 Rh2+ 54. Kc3 Qf7 55. Qg5+ Kh7 56. Qf6 Qxf6 57. exf6 Kg6 58. Be5 Ra2 59. a5 Ra3+ 60. Kd4 Rd3+ 61. Kc4 Rd5 62. Bd4 Rd8 63. Ra1 Rh8 64. a6 bxa6 65. Rxa6 Rh1 66. Kc5 Rc1+ 67. Kd6 Rd1 68. Ke5 Bd5 69. Ra7 Re1+ 70. Kd6 Bf7 71. Re7 Rd1 72. Kc5 Rc1+ 73. Kb6 Rc4 74. Rd7 Rxb4+ 75. Kc5 Rc4+ 76. Kb6 Rc2 77. Rd6 c5 78. Bxc5 Rb2+ 79. Kc6 Rc2 80. Kb6 Rg2 81. Rd3 Kxf6 82. Bd4+ Kg6 83. Be5 Re2 84. Bf4 Kh5 85. Kc5 Kg4 86. Kd6 Bc4 87. Rd4 Be6 88. Ke7 Ba2+ 89. Kf6 Re6+ 90. Kg7 Ra6 91. Be5+ Kh3 92. Rh4+ Kg2 93. Rf4 Bb1 94. Rc4 Be4 95. Rc3 Kh3 96. Kf7 Ra5 97. Bf4 Ra6 98. Ke8 Kg4 99. Ke7 Kh5 100. Kd7 Ra7+ 101. Kd6 Ra6+ 102. Ke5 Kg6 103. Rc7 Ra5+ 104. Kd4 Ra4+ 105. Ke5 Kh5 106. Rh7+ Kg4 107. Rg7+ Kf3 108. Rh7 Ra5+ 109. Kf6 Ra6+ 110. Kg5 Ra1 111. Rh2 Rg1 112. Rb2 Rc1 113. Bxc1 Kxg3 114. Bf4+ Kf3 115. Rb8 Ke2 116. Rh8 Kd3 117. Rh2 Kc4 118. Kf6 Kd5 119. Rf2 Kd4 120. Be5+ Kd3 121. Ra2 Ke3 122. Ra6 Kd2 123. Kg5 Bd3 124. Kf4 Bxa6 125. Kxf5 1/2-1/2


[Site "https://www.chess.com"]

[Event "Titled Tuesday Blitz May 31 Late 2022"]
[White "Martinez Alcantara, Jose Eduardo"]
[Black "Bluebaum, Matthias"]
[WhiteFideId "3805662"]
[BlackFideId "24651516"]
[WhiteElo "2690"]
[BlackElo "2556"]
[Result "0-1"]
[Round "04"]
[TimeControl "180+1"]
[Date "2022.05.31"]
[WhiteClock "0:00:03"]
[BlackClock "0:00:11"]

1. e4 e5 2. Nf3 Nf6 3. d4 Nxe4 4. dxe5 d5 5. Nbd2 Qd7 6. Be2 Nc5 7. O-O Be7 8. Re1 O-O 9. Nf1 Ne6 10. Ng3 Rd8 11. c3 c5 12. Nf5 Bf8 13. Bd3 Nc6 14. Bd2 c4 15. Bc2 d4 16. cxd4 Ncxd4 17. N5xd4 Nxd4 18. Bg5 Nxc2 19. Qxc2 Qd3 20. Rac1 Bf5 21. Qxc4 Qxc4 22. Rxc4 Rdc8 23. Rec1 Be6 24. Rxc8 Rxc8 25. Rxc8 Bxc8 26. Be3 a6 27. Nd4 Bc5 28. Nb3 Be7 29. Bc5 Bd8 30. Nd4 g5 31. a3 Bc7 32. Bd6 Bxd6 33. exd6 Kf8 34. f4 gxf4 35. Kf2 Ke8 36. Kf3 Kd7 37. Kxf4 Kxd6 38. Kg5 Kd5 39. Nf3 Kc4 40. Kf6 Kb3 41. Ng5 h5 42. Nxf7 b5 43. Nd6 Bd7 44. Kg5 Kxb2 45. Kxh5 Kxa3 46. Kg5 b4 47. h4 b3 48. h5 Kb4 49. h6 b2 50. h7 b1=Q 51. h8=Q Qc1+ 52. Kg6 Qc2+ 53. Kf7 Qf2+ 54. Ke7 Bb5 55. Qg7 Qa7+ 56. Kf6 Qxg7+ 57. Kxg7 a5 58. Nf5 a4 59. Nd4 Bd3 60. Nc6+ Kc3 61. Ne7 a3 62. Nd5+ Kb3 63. Nf4 Bc4 64. Ne6 Bxe6 0-1


[Site "https://www.chess.com"]

[Event "Titled Tuesday Blitz May 31 Late 2022"]
[White "Mikhalsky, Vladimir"]
[Black "Ardila, Oscar Humberto"]
[WhiteFideId "14144352"]
[BlackFideId "4404742"]
[WhiteElo "2301"]
[BlackElo "1928"]
[Result "1-0"]
[Round "04"]
[TimeControl "180+1"]
[Date "2022.06.01"]
[WhiteClock "0:00:13"]
[BlackClock "0:00:15"]

1. d4 Nf6 2. c4 e6 3. Nf3 Bb4+ 4. Bd2 Qe7 5. g3 O-O 6. Bg2 Nc6 7. O-O Bxd2 8. Nbxd2 d6 9. a3 e5 10. d5 Nb8 11. b4 Nbd7 12. Nb3 Re8 13. Rc1 Nf8 14. c5 Ng6 15. e3 Bg4 16. h3 Bd7 17. Na5 Rab8 18. c6 bxc6 19. Nxc6 Bxc6 20. Rxc6 Rb6 21. Qa4 Nxd5 22. Nxe5 Nxe5 23. Bxd5 Nxc6 24. Bxc6 Rf8 25. Rd1 a6 26. Qc2 Qe6 27. Kg2 Rd8 28. Bd5 Qe7 29. Rd4 c6 30. Rh4 h6 31. Bf3 d5 32. Qc3 Qf6 33. Qxf6 gxf6 34. Rxh6 Kg7 35. Rh4 Rd6 36. Rg4+ Kh6 37. Kf1 f5 38. Rh4+ Kg6 39. Ke2 Rb8 40. Kd3 Ra8 41. Kd4 a5 42. Kc5 Re6 43. g4 fxg4 44. Rxg4+ Kf6 45. Rf4+ Ke7 46. Bg4 Rh6 47. e4 axb4 48. axb4 Rd8 49. e5 f6 50. e6 Rd6 51. Rf3 Rg6 52. Ra3 f5 53. Bxf5 Rgxe6 54. Ra7+ Kf6 55. Bxe6 Rxe6 56. Rc7 Re2 57. Rxc6+ Ke5 58. f4+ Kxf4 59. Kxd5 Rb2 60. Kc5 Kg3 61. Rf6 Kxh3 62. b5 Kg4 63. b6 Kg5 64. Rf1 Rc2+ 65. Kd6 Rd2+ 66. Kc7 Rc2+ 67. Kb8 Rb2 68. b7 Kg6 69. Rf4 Kg7 70. Rf5 Kg6 71. Rc5 Kf6 72. Kc7 1-0


[Site "https://www.chess.com"]

[Event "Titled Tuesday Blitz May 31 Late 2022"]
[White "Milikow, Elie"]
[Black "Suder, Jakub"]
[WhiteFideId "371281868"]
[BlackFideId "1195310"]
[WhiteElo "2257"]
[BlackElo "2058"]
[Result "0-1"]
[Round "04"]
[TimeControl "180+1"]
[Date "2022.05.31"]
[WhiteClock "0:00:02"]
[BlackClock "0:00:08"]

1. e4 c5 2. Nf3 e6 3. d4 cxd4 4. Nxd4 Nc6 5. c4 Nf6 6. Nc3 Bb4 7. Nxc6 bxc6 8. e5 Ne4 9. Qd4 f5 10. exf6 Qxf6 11. Qxf6 gxf6 12. Bd3 Nxc3 13. Bd2 Nd5 14. cxd5 Bxd2+ 15. Kxd2 cxd5 16. Rhc1 Rb8 17. b3 Bb7 18. Rc7 a6 19. b4 Ke7 20. a4 Bc6 21. Kc3 d4+ 22. Kb3 a5 23. b5 Bxg2 24. Rac1 Kd6 25. Kb2 Bb7 26. b6 Bc6 27. Ra7 Rxb6+ 28. Ka3 Rhb8 29. Bc4 Rb2 30. f4 Rxh2 31. Rxa5 Rbb2 32. Rd1 e5 33. fxe5+ fxe5 34. Rf1 Rbc2 35. Rf6+ Kc7 36. Bb3 Rc3 37. Kb4 Rb2 38. Rxe5 Rbxb3+ 39. Ka5 d3 40. Ka6 d2 41. Re8 d1=Q 42. Rc8+ Kxc8 43. Rf8+ Kc7 44. Rb8 Qd3+ 45. Ka7 Qd4+ 46. Rb6 Qxb6# 0-1


[Site "https://www.chess.com"]

[Event "Titled Tuesday Blitz May 31 Late 2022"]
[White "Moroni, Luca Jr"]
[Black "Martic, Ivan"]
[WhiteFideId "865834"]
[BlackFideId "929301"]
[WhiteElo "2573"]
[BlackElo "2317"]
[Result "1-0"]
[Round "04"]
[TimeControl "180+1"]
[Date "2022.05.31"]
[WhiteClock "0:00:27"]
[BlackClock "0:00:51"]

1. d4 Nf6 2. c4 g6 3. g3 Bg7 4. Bg2 O-O 5. Nc3 d6 6. Nf3 Nbd7 7. O-O e5 8. e4 c6 9. b3 exd4 10. Nxd4 Re8 11. Re1 a5 12. h3 Nc5 13. Bf4 Nh5 14. Be3 Nf6 15. Qc2 Qe7 16. Rad1 Nfd7 17. f4 h5 18. Bf2 Nf8 19. Nf3 Bd7 20. Bd4 Rad8 21. Bxg7 Kxg7 22. Qf2 Bc8 23. Kh2 Kg8 24. Ng5 Nfe6 25. Nxe6 Qxe6 26. e5 Na6 27. exd6 Qf6 28. Rxe8+ Rxe8 29. Ne4 Qf5 30. g4 hxg4 31. hxg4 Qe6 32. d7 Bxd7 33. Rxd7 Kf8 34. Qd4 1-0


[Site "https://www.chess.com"]

[Event "Titled Tuesday Blitz May 31 Late 2022"]
[White "Mortazavi, Ali"]
[Black "Korchmar, Vasiliy"]
[WhiteFideId "401323"]
[BlackFideId "24131750"]
[WhiteElo "2339"]
[BlackElo "2370"]
[Result "0-1"]
[Round "04"]
[TimeControl "180+1"]
[Date "2022.06.01"]
[WhiteClock "0:00:11"]
[BlackClock "0:00:20"]

1. Nf3 d5 2. g3 Bg4 3. Bg2 Nc6 4. O-O Qd7 5. c4 d4 6. b4 f6 7. b5 Nd8 8. d3 e5 9. e3 Bc5 10. Re1 Ne7 11. Qc2 Ne6 12. e4 h5 13. h4 g5 14. Nbd2 O-O-O 15. hxg5 Nxg5 16. Nh4 Kb8 17. Nb3 Bb4 18. Rf1 Rdg8 19. f4 exf4 20. Bxf4 Nh3+ 21. Kh2 Nxf4 22. gxf4 Ng6 23. Nxg6 Rxg6 24. Qf2 Rhg8 25. Rg1 Qg7 26. e5 fxe5 27. f5 Bxf5 28. Qf3 Bc8 29. c5 Rg3 30. Qe4 Rg4 31. Bf3 Rxg1 0-1


[Site "https://www.chess.com"]

[Event "Titled Tuesday Blitz May 31 Late 2022"]
[White "Msellek, Ilyass"]
[Black "Urazayev, Arystanbek"]
[WhiteFideId "675938"]
[BlackFideId "13709810"]
[WhiteElo "2221"]
[BlackElo "2422"]
[Result "1-0"]
[Round "04"]
[TimeControl "180+1"]
[Date "2022.06.01"]
[WhiteClock "0:00:09"]
[BlackClock "0:00:06"]

1. Nf3 d5 2. c4 c6 3. g3 Nf6 4. Bg2 Bf5 5. O-O e6 6. cxd5 exd5 7. d3 Nbd7 8. Nc3 Be7 9. Nh4 Be6 10. e4 dxe4 11. dxe4 O-O 12. Be3 Ng4 13. Nf5 Nxe3 14. Nxe3 Bc5 15. Qe2 Qc7 16. Rad1 Rad8 17. h4 Rfe8 18. h5 h6 19. b3 Ne5 20. Kh1 Bd4 21. Nb1 Qb6 22. Nc2 c5 23. f3 Bd7 24. Nd2 Bb5 25. Nc4 Bxc4 26. bxc4 Qa6 27. f4 Qxc4 28. Qd2 Ng4 29. e5 Nf2+ 30. Kh2 Ng4+ 31. Kh1 b6 32. Qc1 Qc3 33. Rf3 Nf2+ 34. Kh2 Nxd1 35. Rxc3 Nxc3 36. Ne1 f6 37. Nd3 c4 38. Nb4 fxe5 39. Nc6 exf4 40. Nxd8 fxg3+ 41. Kh3 Rxd8 42. Qf1 b5 43. Kxg3 Bf6 44. Qf5 Ne2+ 45. Kh2 Nd4 46. Bd5+ Kf8 47. Qe4 c3 48. Bb3 Nxb3 49. axb3 Rd2+ 50. Kg3 c2 51. Qb4+ Rd6 52. Qxd6+ Be7 53. Qc6 c1=Q 54. Qxc1 a5 55. Qf1+ Kg8 56. Qxb5 Bb4 57. Qc4+ Kh7 58. Kf4 Kh8 59. Kf5 Kh7 60. Ke6 Kh8 61. Kf7 Kh7 62. Qe4+ Kh8 63. Qe8+ Kh7 64. Qg8# 1-0


[Site "https://www.chess.com"]

[Event "Titled Tuesday Blitz May 31 Late 2022"]
[White "Nazaretyan, Tigran"]
[Black "Hess, Robert"]
[WhiteFideId "24162345"]
[BlackFideId "2022036"]
[WhiteElo "2225"]
[BlackElo "2557"]
[Result "0-1"]
[Round "04"]
[TimeControl "180+1"]
[Date "2022.06.01"]
[WhiteClock "0:00:06"]
[BlackClock "0:00:28"]

1. d4 g6 2. Nf3 Bg7 3. c3 d6 4. Bf4 Nd7 5. e3 Ngf6 6. h3 O-O 7. Nbd2 b6 8. Be2 Bb7 9. O-O Re8 10. a4 e5 11. Bh2 e4 12. Ne1 h5 13. a5 Rb8 14. Nc2 Nf8 15. Nb4 c5 16. Na6 Rc8 17. axb6 axb6 18. b4 Nd5 19. Qb3 Nxc3 20. Qxc3 cxd4 21. Qa3 d3 22. Bd1 Bxa1 23. Qxa1 b5 24. Bb3 Ra8 25. Qa2 Ne6 26. Bd5 Rxa6 27. Qb3 Qa8 28. Nxe4 Bxd5 29. Nf6+ Kf8 30. Nxd5 d2 31. Bf4 Nxf4 32. Nxf4 Ra1 33. Rd1 Rxd1+ 34. Qxd1 Qa2 35. Nd3 Rc8 36. Kh2 Qc2 37. Qa1 Qc3 38. Qxc3 Rxc3 39. Nb2 Rb3 40. Nd1 Rb1 41. Nc3 Rc1 42. Ne2 d1=Q 43. Nxc1 Qxc1 44. h4 Qc4 45. g3 Qxb4 46. Kg2 Qe4+ 47. Kf1 Qc2 48. Kg2 b4 49. Kf3 b3 50. Kf4 b2 51. Kg5 Qf5+ 52. Kh6 b1=Q 53. f4 Qb2 54. Kh7 Qg7# 0-1


[Site "https://www.chess.com"]

[Event "Titled Tuesday Blitz May 31 Late 2022"]
[White "Niemann, Hans Moke"]
[Black "Papp, Levente"]
[WhiteFideId "2093596"]
[BlackFideId "751243"]
[WhiteElo "2632"]
[BlackElo "2308"]
[Result "1-0"]
[Round "04"]
[TimeControl "180+1"]
[Date "2022.05.31"]
[WhiteClock "0:01:00"]
[BlackClock "0:00:02"]

1. e4 e6 2. d4 d5 3. Nc3 Bb4 4. e5 Ne7 5. Bd2 b6 6. a3 Bxc3 7. Bxc3 Ba6 8. Bxa6 Nxa6 9. Qg4 Nf5 10. Nf3 Qd7 11. O-O c5 12. Qf4 Rc8 13. Rac1 cxd4 14. Bxd4 h5 15. b3 Qb5 16. Bb2 Nc5 17. a4 Qd7 18. g3 O-O 19. h3 Ne4 20. Rfd1 Qe7 21. g4 g5 22. Qh2 hxg4 23. hxg4 Nh4 24. Nxh4 gxh4 25. Qf4 Qg5 26. Qxg5+ Nxg5 27. Kg2 Kg7 28. Bd4 Rh8 29. Rh1 h3+ 30. Kg3 Ne4+ 31. Kf4 Kg6 32. f3 Ng5 33. Rh2 Rc6 34. c3 a6 35. Ra1 Rhc8 36. Rc2 b5 37. axb5 axb5 38. Kg3 b4 39. Rac1 bxc3 40. Rxc3 Rxc3 41. Rxc3 Ra8 42. Be3 h2 43. Rc1 Ra2 44. Rb1 Re2 45. Bxg5 Kxg5 46. b4 d4 47. b5 d3 48. b6 d2 49. b7 Re1 50. b8=Q h1=Q 51. Qg8+ Kh6 52. Qh8+ 1-0


[Site "https://www.chess.com"]

[Event "Titled Tuesday Blitz May 31 Late 2022"]
[White "Norowitz, Yaacov"]
[Black "Taboas Rodriguez, Daniel"]
[WhiteFideId "2024799"]
[BlackFideId "2208466"]
[WhiteElo "2412"]
[BlackElo "2429"]
[Result "1-0"]
[Round "04"]
[TimeControl "180+1"]
[Date "2022.05.31"]
[WhiteClock "0:00:55"]
[BlackClock "0:00:59"]

1. d4 Nf6 2. e3 d5 3. Bd3 c5 4. c3 Nc6 5. f4 g6 6. Nf3 Bf5 7. O-O Bg7 8. Bxf5 gxf5 9. dxc5 O-O 10. b4 Ne4 11. Nd4 e6 12. Bb2 a5 13. a3 Kh8 14. Nd2 Rg8 15. Nxe4 fxe4 16. Qh5 Qe7 17. Nb5 axb4 18. axb4 Nxb4 19. Nd6 Raf8 20. cxb4 Bxb2 21. Ra7 Rg7 22. Rxb7 Qf6 23. c6 Qc3 24. Nxf7+ Kg8 25. Nh6+ Kh8 26. Rxg7 Kxg7 27. Ng4 Qxc6 28. Qh6+ Kg8 29. f5 exf5 30. Qxc6 1-0


[Site "https://www.chess.com"]

[Event "Titled Tuesday Blitz May 31 Late 2022"]
[White "Novikova, Galina"]
[Black "Pinheiro, Iung Alicio de O."]
[WhiteFideId "4157095"]
[BlackFideId "2104350"]
[WhiteElo "1863"]
[BlackElo "2283"]
[Result "1/2-1/2"]
[Round "04"]
[TimeControl "180+1"]
[Date "2022.06.01"]
[WhiteClock "0:00:06"]
[BlackClock "0:00:16"]

1. e4 c5 2. Nf3 Nc6 3. d4 cxd4 4. Nxd4 Nf6 5. Nc3 d6 6. h3 h6 7. g4 g6 8. Bg2 Bg7 9. Be3 Bd7 10. Qd2 Ne5 11. b3 Rc8 12. f4 Nc6 13. O-O Qa5 14. Rad1 Nxd4 15. Bxd4 e5 16. fxe5 dxe5 17. Rxf6 Bxf6 18. Bxe5 Qc5+ 19. Kh1 Bxe5 20. Qxd7+ Kf8 21. Nd5 Re8 22. Rf1 Rh7 23. c4 a5 24. Qxb7 Kg8 25. Qd7 Rf8 26. Ne7+ Kh8 27. Nc6 Qd6 28. Qxd6 Bxd6 29. e5 Bc7 30. Bd5 Kg7 31. a3 Rhh8 32. b4 axb4 33. axb4 f5 34. gxf5 Rxf5 35. Rxf5 gxf5 36. c5 Ra8 37. b5 Ra1+ 38. Kg2 Rb1 39. b6 Rb2+ 40. Kf3 Bxb6 41. cxb6 Rxb6 42. Nd4 Kg6 43. Ne6 Rb1 44. Nf4+ Kg5 45. Ne6+ Kh4 46. Kf4 Rf1+ 47. Bf3 Kxh3 48. Ng7 h5 49. Nxf5 h4 50. e6 Re1 51. Be4 Rf1+ 52. Ke5 Rb1 53. e7 Rb8 54. Ke6 Re8 55. Kf7 Rxe7+ 56. Nxe7 Kg3 57. Nf5+ Kg4 58. Ne3+ Kf4 59. Bg2 Kxe3 60. Bc6 Kf2 61. Kf6 h3 62. Kg5 h2 63. Kg4 Kg1 64. Kg3 h1=Q 65. Bxh1 1/2-1/2


[Site "https://www.chess.com"]

[Event "Titled Tuesday Blitz May 31 Late 2022"]
[White "Oparin, Grigoriy"]
[Black "Halkias, Stelios"]
[WhiteFideId "24125890"]
[BlackFideId "4201809"]
[WhiteElo "2665"]
[BlackElo "2453"]
[Result "0-1"]
[Round "04"]
[TimeControl "180+1"]
[Date "2022.05.31"]
[WhiteClock "0:00:15"]
[BlackClock "0:00:15"]

1. g3 Nf6 2. Bg2 g6 3. c4 Bg7 4. Nc3 O-O 5. e4 d6 6. Nge2 Nbd7 7. O-O e5 8. d4 exd4 9. Nxd4 Re8 10. Qc2 a6 11. Rd1 Ne5 12. b3 c5 13. Nde2 Bg4 14. f4 Nf3+ 15. Kh1 Nd4 16. Nxd4 Bxd1 17. Nxd1 cxd4 18. Qd3 Nd7 19. Nf2 Nc5 20. Qd1 d3 21. Rb1 Bd4 22. Nxd3 Nxe4 23. Bb2 Bxb2 24. Rxb2 Qf6 25. Rc2 Re7 26. Qf3 Rae8 27. h3 h5 28. Kh2 Nc5 29. Nxc5 dxc5 30. h4 b6 31. Qf2 Qf5 32. Rd2 Re3 33. Bh3 Qe4 34. Bg2 Qf5 35. Bh3 Qf6 36. Bg2 Qc3 37. f5 Qf6 38. fxg6 Qxf2 39. Rxf2 fxg6 40. Bd5+ Kh8 41. Rf6 Kg7 42. Rxb6 Re2+ 43. Kh3 Rxa2 44. Be6 Rf8 45. Bd5 Rff2 46. g4 Rac2 47. Kg3 Rfe2 48. Rb7+ Kf6 49. Rb6+ Ke5 50. Re6+ Kd4 51. Rxg6 Re3+ 52. Kf4 Rf2+ 53. Kg5 Re5+ 54. Kh6 hxg4 55. Rxg4+ Kc3 56. Rg3+ Kb4 57. Rg6 Rh2 58. Rxa6 Rxh4+ 59. Kg6 Kxb3 60. Rc6 Kb4 61. Rb6+ Kc3 62. Rc6 Kd4 63. Bf7 Rg4+ 64. Kf6 Rf4+ 65. Kg6 Ref5 66. Bd5 Rxd5 67. cxd5 Kxd5 68. Rc8 c4 69. Kg5 Rf2 70. Kg4 Kd4 71. Kg3 Rf7 72. Rd8+ Ke3 73. Rc8 Kd3 74. Rd8+ Kc2 0-1


[Site "https://www.chess.com"]

[Event "Titled Tuesday Blitz May 31 Late 2022"]
[White "Paravyan, David"]
[Black "Pershin, Denis"]
[WhiteFideId "4194985"]
[BlackFideId "24165506"]
[WhiteElo "2569"]
[BlackElo "2275"]
[Result "1/2-1/2"]
[Round "04"]
[TimeControl "180+1"]
[Date "2022.05.31"]
[WhiteClock "0:00:05"]
[BlackClock "0:00:06"]

1. e4 d6 2. d4 Nf6 3. Nc3 g6 4. Nf3 Bg7 5. Bg5 c6 6. Qd2 O-O 7. Bd3 Qc7 8. h4 h5 9. O-O-O b5 10. e5 b4 11. Ne4 Nxe4 12. Bxe4 d5 13. Bd3 a5 14. Qe3 Bg4 15. Rde1 Bxf3 16. Qxf3 c5 17. Qxd5 Nc6 18. Qxc5 Rac8 19. Kb1 Qb8 20. Bxe7 Nxe5 21. Qd6 Nxd3 22. cxd3 Qb5 23. Qg3 Rfe8 24. Bc5 Red8 25. Re4 Rxc5 26. dxc5 Rxd3 27. Qf4 Qxc5 28. Re8+ Kh7 29. Rc1 Qd5 30. Qe4 Qxe4 31. Rxe4 Rd2 32. Rc2 Rd1+ 33. Rc1 Rd2 34. Rc2 Rd1+ 35. Rc1 Rd2 1/2-1/2


[Site "https://www.chess.com"]

[Event "Titled Tuesday Blitz May 31 Late 2022"]
[White "Pichot, Alan"]
[Black "Janaszak, Dawid"]
[WhiteFideId "110973"]
[BlackFideId "1119206"]
[WhiteElo "2579"]
[BlackElo "2199"]
[Result "1/2-1/2"]
[Round "04"]
[TimeControl "180+1"]
[Date "2022.05.31"]
[WhiteClock "0:00:39"]
[BlackClock "0:00:10"]

1. e4 c5 2. Nf3 Nc6 3. Bc4 e6 4. O-O a6 5. Re1 b5 6. Bf1 Bb7 7. a4 bxa4 8. c3 Nf6 9. Qxa4 Be7 10. e5 Nd5 11. Na3 O-O 12. Qg4 f5 13. Qg3 Na5 14. d3 Nb3 15. Rb1 Nxc1 16. Rbxc1 g5 17. Nc4 h5 18. Nd6 Bc6 19. Nd2 g4 20. h3 Bg5 21. f4 Bxf4 22. Qf2 Qg5 23. h4 Qh6 24. Nb3 Bxc1 25. Nxc1 f4 26. Ne4 Ne3 27. Ng5 Rf5 28. d4 cxd4 29. cxd4 Raf8 30. Bd3 Rxg5 31. hxg5 Qxg5 32. g3 Nd5 33. Rf1 f3 34. Re1 Ne7 35. Na2 Nf5 36. Nb4 Bb7 37. d5 h4 38. gxh4 Qf4 39. Re4 Qc1+ 40. Re1 Qf4 41. Re4 Qc1+ 42. Re1 Qf4 1/2-1/2


[Site "https://www.chess.com"]

[Event "Titled Tuesday Blitz May 31 Late 2022"]
[White "Plazuelo Pascual, Juan"]
[Black "Harsh Suresh"]
[WhiteFideId "32059566"]
[BlackFideId "45018464"]
[WhiteElo "2359"]
[BlackElo "2020"]
[Result "0-1"]
[Round "04"]
[TimeControl "180+1"]
[Date "2022.06.01"]
[WhiteClock "0:00:06"]
[BlackClock "0:00:06"]

1. d4 g6 2. e4 Nf6 3. e5 Nh5 4. Be2 d6 5. exd6 Qxd6 6. c3 Nf4 7. Bxf4 Qxf4 8. Nf3 Bg7 9. O-O Qd6 10. Nbd2 O-O 11. Re1 c6 12. Bf1 Bg4 13. h3 Bxf3 14. Nxf3 e6 15. a4 Nd7 16. a5 b5 17. a6 Rfd8 18. Qb3 Rab8 19. Bd3 c5 20. Bxb5 cxd4 21. c4 d3 22. Qa3 Qxa3 23. Rxa3 Nc5 24. b4 Bb2 25. Ra2 Bc3 26. Rb1 Ne4 27. Bc6 f5 28. b5 Nc5 29. b6 d2 30. Nxd2 Bxd2 31. b7 Bf4 32. g3 Bc7 33. Re2 Kf7 34. Bb5 Rd6 35. Ra1 Nb3 36. Ra3 Nc5 37. Rb2 Bb6 38. Raa2 Nd3 39. Re2 Nc1 40. Rec2 Nxa2 41. Rxa2 e5 42. Kg2 e4 43. Re2 Ke6 44. Rc2 Bc5 45. Re2 Rd3 46. h4 Kd6 47. Rc2 Kc7 48. Re2 Rbd8 49. Rb2 Rd2 50. b8=Q+ Kxb8 51. Rb3 Rxf2+ 52. Kh3 Kc7 53. Bc6 Kxc6 54. Rb7 Rdd2 55. g4 Rd3# 0-1


[Site "https://www.chess.com"]

[Event "Titled Tuesday Blitz May 31 Late 2022"]
[White "Premnath, R."]
[Black "Wieczorek, Oskar"]
[WhiteFideId "5021928"]
[BlackFideId "1133950"]
[WhiteElo "2585"]
[BlackElo "2330"]
[Result "0-1"]
[Round "04"]
[TimeControl "180+1"]
[Date "2022.05.31"]
[WhiteClock "0:00:30"]
[BlackClock "0:01:26"]

1. d4 Nf6 2. c4 c5 3. d5 g6 4. Nc3 Bg7 5. e4 d6 6. Be2 O-O 7. Nf3 e6 8. O-O Re8 9. Re1 exd5 10. exd5 Bf5 11. h3 Ne4 12. Nxe4 Bxe4 13. Nd2 Bf5 14. Bg4 Rxe1+ 15. Qxe1 Bxg4 16. hxg4 Na6 17. Nf3 Qd7 18. g5 Re8 19. Qf1 Nb4 20. a3 Nc2 21. Rb1 Nd4 22. Nxd4 Bxd4 23. b4 Qf5 24. Bb2 Bxf2+ 25. Qxf2 Qxb1+ 26. Kh2 Qe1 27. Qxe1 Rxe1 28. Bf6 Kf8 29. bxc5 dxc5 30. Kg3 Re4 31. d6 Ke8 0-1


[Site "https://www.chess.com"]

[Event "Titled Tuesday Blitz May 31 Late 2022"]
[White "Rangel, Daniel"]
[Black "Urbina Perez, Juan Antonio"]
[WhiteFideId "2124475"]
[BlackFideId "2217368"]
[WhiteElo "2225"]
[BlackElo "2192"]
[Result "0-1"]
[Round "04"]
[TimeControl "180+1"]
[Date "2022.06.01"]
[WhiteClock "0:00:16"]
[BlackClock "0:00:39"]

1. c4 c6 2. g3 d5 3. Bg2 Nf6 4. Nf3 dxc4 5. O-O Nbd7 6. a4 a5 7. Na3 Nb6 8. Qc2 Be6 9. Ng5 Qd7 10. Nxe6 Qxe6 11. Rb1 g6 12. b3 c3 13. dxc3 Bg7 14. c4 O-O 15. Be3 Nbd7 16. h3 Rfd8 17. Rbd1 Nf8 18. Bb6 Rxd1 19. Rxd1 Qe5 20. Bd4 Qd6 21. c5 Qc7 22. Nc4 Ne6 23. Be5 Qc8 24. Nb6 Qe8 25. Nxa8 Qxa8 26. Bc3 h6 27. Bxf6 Bxf6 28. Bf3 Qa7 29. Rd7 Nxc5 30. Rd8+ Kg7 31. Kg2 Ne6 32. Rd7 Qb6 33. h4 h5 34. e3 Nc5 35. Rd1 Ne6 36. Qc4 Qc7 37. b4 axb4 38. Qxb4 b6 39. Rb1 b5 40. axb5 cxb5 41. Qxb5 Qc2 42. Qb3 Qc5 43. Bd5 Nd8 44. Rd1 e6 45. Bc4 Nc6 46. Qb5 Qxb5 47. Bxb5 Ne5 48. Be2 Nc6 49. Rb1 Ne7 50. Rb7 Nf5 51. Bc4 Nd6 52. Rc7 Be5 53. Ba2 Ne4 54. Rd7 Kf6 55. Ra7 Nc5 56. Ra5 Nd3 57. Ra4 Ne1+ 58. Kf1 Nd3 59. Ra8 Nc5 60. Rc8 Ne4 61. Ra8 Nd6 62. Ra7 Nb5 63. Ra6 Nc3 64. Bc4 Ne4 65. Bb5 Nd2+ 66. Kg2 Nb3 67. Ra8 Nc5 68. Be8 Ne4 69. Bb5 Nd6 70. Ra7 Nxb5 71. Rb7 Nd6 72. Rb1 Nf5 73. Rd1 Kg7 74. Rf1 Bf6 75. Rd1 e5 76. Rd5 Ne7 77. Rd7 e4 78. Rb7 Nf5 79. Rb4 Nd6 80. Ra4 Be5 81. Ra5 Kf6 82. Ra4 Ke6 83. Ra6 Kf5 84. Ra4 Nb7 85. Ra7 Nc5 86. Ra6 Nxa6 0-1


[Site "https://www.chess.com"]